 Dungeon Crawl Stone Soup version 0.29.1-12-g30fa7ad0bf (webtiles) character file.

Game seed: 15281257994363463569

154021 croobank the Fighter (level 17, 0/139 HPs)
             Began as a Demonspawn Delver on Jan 3, 2023.
             Was an Initiate of Gozag.
             Slain by a salamander
             ... wielding a +0 halberd
              (4 damage)
             ... on level 4 of the Snake Pit.
             The game lasted 02:27:26 (38545 turns).

croobank the Fighter (Demonspawn Delver)           Turns: 38545, Time: 02:27:27

Health: 0/139      AC: 24    Str: 22    XL:     17   Next: 5%
Magic:  31/31      EV: 17    Int: 19    God:    Gozag
Gold:   1290       SH: 11    Dex: 18    Spells: 18/36 levels left

rFire   + . .      SeeInvis .   r - +6 broad axe (flame)
rCold   . . .      Faith    .   U - +1 kite shield "Cemmelao" {Will++}
rNeg    + + +      Spirit   .   R - +3 leather armour {Will+}
rPois   +          Reflect  .   y - +0 helmet of Vehumet's Fury {Rampage rElec rN+++ Will-}
rElec   +          Harm     .   a - +2 cloak {rF+}
rCorr   +          Rampage  +   e - +4 pair of gloves "Forget-Me-Not" {Str-4 Dex+4 Slay+5}
Will    +++..                   (boots unavailable)
Stlth   +++++.....              o - amulet "Peisoaf" {RegenMP Drain +Blink rPois rCorr}
HPRegen 0.33/turn               j - +6 ring of strength
MPRegen 0.62/turn               K - +6 ring of strength

@: lethally poisoned (0 -> -2), wereblooded, gold aura, sanguine armoured,
studying Fighting
A: hooves 3, icemail 1, spiny 2, sanguine armour 2, condensation shield,
corrupting presence 1
a: Renounce Religion, Evoke Blink, Potion Petition, Call Merchant, Bribe Branch


You were on level 4 of the Snake Pit.
You worshipped Gozag.
Gozag was most pleased with you.
You visited 5 branches of the dungeon, and saw 27 of its levels.
You also visited: Ice Cave and Volcano.

You collected 9527 gold pieces.
You spent 3625 gold pieces at shops.
You paid 4612 gold pieces to Gozag.

Inventory:

Hand Weapons
 c - a +1 dagger of speed
 r - a +6 broad axe of flaming (weapon)
 D - a +6 war axe of flaming
 I - a +2 antimagic short sword
Missiles
 C - 3 silver boomerangs (quivered)
 F - a curare-tipped dart
Armour
 a - a +2 cloak of fire resistance (worn)
 e - the +4 pair of gloves "Forget-Me-Not" (worn) {Str-4 Dex+4 Slay+5}
   (You acquired it on level 1 of the Orcish Mines)

   Str:       It affects your strength (-4).
   Dex:       It affects your dexterity (+4).
   Slay:      It affects your accuracy & damage with ranged weapons and melee
   (+5).
 y - the +0 helmet of Vehumet's Fury (worn) {Rampage rElec rN+++ Will-}
   (You acquired it on level 1 of the Orcish Mines)

   rElec:     It insulates you from electricity.
   rN:        It renders you almost immune to negative energy.
   Rampage:   It bestows one free step when moving towards enemies.
   Will:      It decreases your willpower.
 R - a +3 leather armour of willpower (worn)
 U - the +1 kite shield "Cemmelao" (worn) {Will++}
   (You acquired it on level 1 of the Orcish Mines)

   Will:      It greatly increases your willpower.
Magical Staves
 O - a staff of fire
Jewellery
 d - a +4 ring of protection
 g - a ring of protection from cold
 j - a +6 ring of strength (left hand)
 l - a ring of see invisible
 o - the amulet "Peisoaf" (around neck) {RegenMP Drain +Blink rPois rCorr}
   (You bought it in a shop on level 3 of the Snake Pit)

   [amulet of magic regeneration]

   It increases your rate of magic regeneration.
   rPois:     It protects you from poison.
   +Blink:    It lets you blink.
   rCorr:     It protects you from acid and corrosion.
   Drain:     It drains your maximum health when unequipped.
 B - a ring of protection from cold
 G - a ring of willpower
 H - a +6 ring of intelligence
 K - a +6 ring of strength (right hand)
 S - a ring of flight
 Z - a ring of fire
Wands
 f - a wand of iceblast (19)
 z - a wand of charming (16)
 A - a wand of light (8)
 L - a wand of flame (20)
Scrolls
 b - 3 scrolls of teleportation
 s - 6 scrolls of blinking
 u - 5 scrolls of immolation
 x - 9 scrolls of identify
 E - 3 scrolls of vulnerability
 M - a scroll of amnesia
 Q - a scroll of poison
 T - 2 scrolls of fear
 X - 3 scrolls of fog
 Y - a scroll of summoning
Potions
 h - 2 potions of magic
 k - a potion of ambrosia
 n - 2 potions of cancellation
 p - 6 potions of brilliance
 q - 4 potions of mutation
 t - 5 potions of flight
 v - 12 potions of curing
 w - 4 potions of lignification
 P - 2 potions of heal wounds
 V - 3 potions of attraction
 W - 3 potions of haste
Miscellaneous
 m - a condenser vane
 J - a lightning rod (4/4)


   Skills:
 + Level 14.2 Fighting
 + Level 11.6 Axes
 + Level 11.6 Dodging
 + Level 13.3 Stealth
 + Level 6.0 Shields
 - Level 10.0 Spellcasting
 + Level 11.5 Translocations
 * Level 3.4 Transmutations
 + Level 8.9 Evocations


You had 18 spell levels left.
You knew the following spells:

 Your Spells              Type           Power      Damage    Failure   Level
a - Apportation           Tloc           100%       N/A       1%          1
b - Blink                 Tloc           100%       N/A       1%          2
c - Teleport Other        Tloc           52%        N/A       1%          3
d - Manifold Assault      Tloc           52%        N/A       6%          5
e - Passage of Golubria   Tloc           52%        N/A       1%          4
f - Beastly Appendage     Tmut           44%        N/A       6%          1
g - Wereblood             Tmut           22%        N/A       9%          2

Your spell library contained the following spells:

 Spells                   Type           Power      Damage    Failure   Level
 Gell's Gravitas          Tloc           52%        N/A       1%          3
 Lesser Beckoning         Tloc           52%        N/A       1%          3
 Portal Projectile        Hex/Tloc       62%        N/A       7%          3
 Foxfire                  Conj/Fire      36%        2x1d5     24%         1
 Slow                     Hex            36%        N/A       24%         1
 Dispersal                Tloc           26%        N/A       32%         6
 Spider Form              Tmut/Pois      15%        N/A       34%         3
 Summon Forest            Summ/Tloc      15%        N/A       52%         5
 Confusing Touch          Hex            9%         N/A       56%         3
 Conjure Flame            Conj/Fire      9%         6-21      56%         3
 Frozen Ramparts          Ice            18%        1d3       56%         3
 Inner Flame              Hex/Fire       9%         N/A       56%         3
 Mephitic Cloud           Conj/Pois/Air  9%         N/A       56%         3
 Swiftness                Air            9%         N/A       56%         3
 Tukima's Dance           Hex            9%         N/A       56%         3
 Vampiric Draining        Necr           9%         2d6       56%         3
 Blade Hands              Tmut           11%        N/A       86%         5
 Anguish                  Hex/Necr       4%         N/A       93%         4
 Cause Fear               Hex            4%         N/A       93%         4
 Flame Wave               Conj/Fire      9%         2d6       93%         4
 Summon Ice Beast         Ice/Summ       9%         N/A       93%         4
 Alistair's Intoxication  Tmut/Pois      10%        N/A       97%         5
 Yara's Violent Unravell  Hex/Tmut       7%         3d5       97%         5
 Lightning Bolt           Conj/Air       4%         1d16      100%        5
 Metabolic Englaciation   Hex/Ice        4%         N/A       100%        5
 Summon Mana Viper        Hex/Summ       9%         N/A       100%        5
 Eringya's Noxious Bog    Tmut/Pois      7%         N/A       100%        6
 Dragon Form              Tmut           11%        N/A       100%        7
 Enfeeble                 Hex            4%         N/A       100%        7
 Monstrous Menagerie      Summ           4%         N/A       100%        7
 Ozocubu's Refrigeration  Ice            4%         4d8       100%        7
 Summon Hydra             Summ           4%         N/A       100%        7
 Dragon's Call            Summ           4%         N/A       100%        9
 Fire Storm               Conj/Fire      4%         8d1       100%        9
 Polar Vortex             Ice            4%         N/A       100%        9


Dungeon Overview and Level Annotations

Branches:
Dungeon (15/15)            Temple (1/1) D:7            Lair (5/5) D:8
 Shoals (0/4) Lair:2        Snake (4/4) Lair:2        Slime (0/5) Lair:4
    Orc (2/2) D:10            Elf (0/3) Orc:2        Vaults (0/5) D:13
 Depths (0/4) D:15          IceCv (visited)         Volcano (visited)

Altars:
Ashenzari
Cheibriados
Dithmenos
Fedhas
Gozag
Hepliaklqana
Kikubaaqudgha
Makhleb
Nemelex Xobeh
Okawaru
Qazlal
Ru
Sif Muna
Trog
Uskayaw
Vehumet
Wu Jian
Xom
Yredelemnul
Jiyva
Lugonu

Shops:
D:14 :   Orc:2 !![?   Snake:2 *[**[(   Snake:3 (=::

Portals:
Abyss: Lair:5

Annotations:
D:8 1 runed translucent door, Midpoint's ghost, novice OgVM
D:14 3 runed translucent doors, FexLirch's ghost, journeyman TrWr


Innate Abilities, Weirdness & Mutations

You have hooves in place of feet.
A meltable icy envelope protects you from harm. (AC +0)
You are mostly covered in sharp spines.
When seriously injured, your blood forms thick armour. (AC +9)
A meltable shield of frost defends you. (SH +0)
Your presence sometimes corrodes those you injure.


Message History

The naga warrior roars a battlecry!
The nagas go into a battle-frenzy!
You block the naga warrior's attack. The nagaraja barely misses you.
The naga spits poison at you.
The splash of poison hits you but does no damage.
You resist.
You slash the naga warrior! You burn the naga warrior.
You feel a bit better.
You kill the naga warrior!
You slash the naga! You burn the naga.
You feel a bit better.
You kill the naga!
You feel sick.
The naga mage is no longer distracted by gold.
The salamander is no longer distracted by gold.
You block the nagaraja's attack. You block the salamander's attack.
The salamander closely misses you.
The naga mage is distracted by your dazzling golden aura.
A naga comes into view. It is wielding a +3 glaive.
The nagaraja hits you but does no damage.
The salamander hits you from afar with a +0 trident!!
* * * LOW HITPOINT WARNING * * *
You are engulfed in flames.
You resist.
* * * LOW HITPOINT WARNING * * *
The salamander hits you from afar with a +0 halberd.
* * * LOW HITPOINT WARNING * * *
You are engulfed in flames.
You resist.
* * * LOW HITPOINT WARNING * * *
The naga mage shouts!
You feel sick.
You hear a shout!
The nagaraja is no longer distracted by gold.
The nagaraja spits poison at you. The splash of poison misses you.
The nagaraja is distracted by your dazzling golden aura.
The naga is distracted by your dazzling golden aura.
The salamander is distracted by your dazzling golden aura.
The salamander hits you from afar with a +0 halberd!
* * * LOW HITPOINT WARNING * * *
You are engulfed in flames.
You resist.
You die...
Your body crumbles into a pile of gold.

..# ..# ..# .
#####..# N.
###......#NN.
.####.....N.N....
........$$$NNN.#
......$.$@$NN.##
##.......$$N...#
.........$......#
..............#..#
##............# .#
##...........# .
###.....!...#
##........#
##.......#


You could see 3 nagarajas, 3 salamanders, a naga ritualist (strong), 2 naga magi
and 2 nagas.

Vanquished Creatures
  Saint Roka (Orc:2)
  Bai Suzhen (Snake:3)
  Jorgrun (D:14)
  Louise (D:15)
  2 azure jellies (IceCv)
  Aizul (Snake:1)
  2 quicksilver oozes (IceCv)
  A stone giant (D:15)
  Azrael (D:13)
  Josephine (Snake:1)
  5 hydras
  2 vault guards (D:13)
  Erolcha (D:10)
  2 ogre magi (Orc:2)
  3 boulder beetles
  3 centaur warriors (D:12)
  10 two-headed ogres
  11 naga warriors
  10 anacondas
  10 shock serpents
  10 naga sharpshooters
  A tengu warrior (D:15)
  3 thrashing horrors (Lair:5)
  Urug (D:13)
  5 salamander mystics
  Lodul (D:13)
  3 deep trolls
  5 wizards
  4 naga ritualists
  3 sea snakes
  2 lindwurms (Volcano)
  An orc knight (Orc:1)
  2 deep elf pyromancers
  A necromancer (D:15)
  An orc sorcerer (D:15)
  5 mana vipers
  14 salamanders
  5 cyclopes
  9 ugly things
  5 manticores
  A merfolk siren (Lair:2)
  Joseph (D:10)
  16 elephants
  4 smoke demons (Lair:5)
  26 black mambas
  A toenail golem (Volcano)
  2 ice statues (IceCv)
  3 gargoyles
  16 naga magi
  2 torpor snails (Lair:5)
  4 guardian serpents
  6 cane toads
  4 molten gargoyles (Volcano)
  A rime drake (Lair:4)
  Maggie (D:8)
  An unseen horror (shapeshifter) (Lair:5)
  A yaktaur (D:15)
  3 kobold demonologists
  4 efreet
  4 komodo dragons
  An ancient zyme (Lair:5)
  2 unseen horrors
  A tengu conjurer (D:14)
  15 trolls
  3 merfolk (Lair:2)
  2 polar bears
  A blink frog (shapeshifter) (D:13)
  19 blink frogs
  2 hornets
  9 slime creatures
  7 dream sheep
  2 large abominations (Lair:5)
  2 spriggans (Lair:5)
  7 wraiths
  Sigmund (D:4)
  6 wyverns
  2 shadows
  A steam dragon (D:9)
  8 fire elementals
  37 yaks
  3 ynoxinuls (Lair:5)
  20 humans (D:13)
  3 vampire mosquitoes (D:15)
  6 basilisks
  A chaos spawn (Lair:5)
  32 nagas
  2 wargs
  An acid dragon (D:10)
  9 water moccasins
  A sky beast (D:6)
  8 orc warriors
  30 ogres
  15 wolves
  A great orb of eyes simulacrum (IceCv)
  3 black bears
  4 centaurs
  2 slime creature simulacra (IceCv)
  9 kobold brigands
  2 phantoms (D:6)
  An earth elemental (Volcano)
  3 scorpions
  10 bullfrogs
  A glowing shapeshifter simulacrum (IceCv)
  8 wights
  2 killer bees (D:10)
  2 electric eels (Snake:1)
  7 howler monkeys
  2 jellies
  A hound (D:5)
  A gnoll bouda (D:5)
  10 orc priests
  11 small abominations (Lair:5)
  Crazy Yiuf (D:4)
  2 iguanas (D:5)
  22 orc wizards
  Ijyb (D:4)
  4 shapeshifter simulacra (IceCv)
  11 gnolls
  4 adders
  4 shadow imps
  12 white imps (Lair:1)
  An ufetubus (D:5)
  A worm (D:2)
  2 dart slugs
  57 orcs
  13 endoplasms
  5 giant cockroaches
  11 hobgoblins
  2 jackals (D:1)
  28 kobolds
  7 quokkas
  5 ball pythons
  10 bats
  4 frilled lizards
  5 goblins
  6 rats
808 creatures vanquished.

Vanquished Creatures (collateral kills)
  An iguana (D:5)
  2 orc wizards (D:5)
  2 orcs (D:5)
5 creatures vanquished.

Vanquished Creatures (others)
  A naga sharpshooter (Snake:3)
  A black mamba (Snake:4)
  An ogre (D:5)
  2 killer bees (D:10)
  A fire vortex (Volcano)
  42 fungi
  58 plants
  2 withered plants (D:8)
108 creatures vanquished.

Grand Total: 921 creatures vanquished

Notes
Turn   | Place    | Note
-------+----------+-------------------------------------------
     0 | D:5      | croobank the Demonspawn Delver began the quest for the Orb.
     0 | D:5      | Reached XP level 1. HP: 18/18 MP: 1/1
     1 | D:6      | Noticed an orc priest
     1 | D:6      | Noticed a phantom
   101 | D:5      | Noticed an iguana
   172 | D:5      | Gained mutation: You have large cloven feet. [demonic
                  | ancestry]
   172 | D:5      | Reached XP level 2. HP: 9/24 MP: 2/2
   395 | D:5      | Noticed an ogre
   615 | D:4      | Noticed a scorpion
   863 | D:2      | Gained mutation: You have hoof-like feet. [demonic
                  | ancestry]
   863 | D:2      | Reached XP level 3. HP: 21/29 MP: 3/3
  1970 | D:1      | Reached XP level 4. HP: 36/36 MP: 4/4
  2290 | D:2      | Reached skill level 5 in Stealth
  2400 | D:2      | Found a faded altar of an unknown god.
  3057 | D:3      | Reached XP level 5. HP: 42/42 MP: 5/5
  3071 | D:3      | Reached skill level 4 in Fighting
  3942 | D:4      | Noticed a black bear
  3978 | D:4      | Killed a black bear
  3979 | D:4      | Reached XP level 6. HP: 49/49 MP: 6/6
  4069 | D:4      | Found a runed translucent door.
  4070 | D:4      | Noticed Crazy Yiuf
  4225 | D:4      | Noticed Sigmund
  4316 | D:5      | Gained mutation: You are partially covered in sharp spines.
                  | [demonic ancestry]
  4316 | D:5      | Reached XP level 7. HP: 39/55 MP: 7/7
  4480 | D:5      | Reached skill level 5 in Fighting
  5184 | D:5      | Gained mutation: You have hooves in place of feet. [demonic
                  | ancestry]
  5184 | D:5      | Reached XP level 8. HP: 17/63 MP: 8/8
  5506 | D:6      | Learned a level 1 spell: Apportation
  5672 | D:4      | Killed Sigmund
  5927 | D:4      | Noticed Ijyb
  5937 | D:4      | Killed Ijyb
  5940 | D:4      | Found a snail-covered altar of Cheibriados.
  6149 | D:4      | Killed Crazy Yiuf
  6150 | D:4      | Reached skill level 1 in Translocations
  6493 | D:6      | Reached skill level 1 in Spellcasting
  6550 | D:6      | Reached skill level 6 in Fighting
  6550 | D:6      | Reached skill level 5 in Axes
  6559 | D:6      | Reached skill level 5 in Dodging
  7290 | D:6      | Found a sacrificial altar of Ru.
  7512 | D:6      | Gained mutation: When seriously injured, your blood forms
                  | armour. (AC +9) [demonic ancestry]
  7512 | D:6      | Reached XP level 9. HP: 61/69 MP: 12/12
  7643 | D:7      | Found a basalt altar of Yredelemnul.
  8025 | D:7      | Found a staircase to the Ecumenical Temple.
  8043 | Temple   | Entered the Ecumenical Temple
  8144 | Temple   | Became a worshipper of Gozag Ym Sagoz the Greedy
  8632 | D:7      | Found a bloodstained altar of Trog.
  8800 | D:7      | Found a sparkling altar of Nemelex Xobeh.
  9088 | D:8      | Found a runed translucent door.
  9088 | D:8      | Noticed Midpoint's ghost (novice OgVM)
  9112 | D:8      | Noticed Maggie
  9124 | D:8      | Killed Maggie
  9125 | D:8      | Reached skill level 7 in Fighting
  9530 | D:8      | Found a staircase to the Lair.
  9842 | D:10     | Entered Level 10 of the Dungeon
 10127 | D:9      | Learned a level 2 spell: Blink
 10131 | D:9      | Learned a level 3 spell: Teleport Other
 10208 | D:9      | Noticed a two-headed ogre
 10216 | D:9      | Killed a two-headed ogre
 10217 | D:9      | Gained mutation: You are mostly covered in sharp spines.
                  | [demonic ancestry]
 10217 | D:9      | Reached XP level 10. HP: 25/79 MP: 4/15
 10748 | D:9      | Paralysed by a hornet for 3 turns
 11286 | D:10     | Noticed Erolcha
 11295 | D:10     | Killed Erolcha
 11470 | D:10     | Reached skill level 8 in Fighting
 12029 | D:10     | Found a staircase to the Orcish Mines.
 12424 | D:10     | Gained mutation: Your presence sometimes corrodes those you
                  | injure. [demonic ancestry]
 12424 | D:10     | Reached XP level 11. HP: 69/87 MP: 14/18
 12516 | D:10     | Noticed a two-headed ogre
 12523 | D:10     | Killed a two-headed ogre
 12726 | D:10     | Noticed Joseph
 12732 | D:10     | Killed Joseph
 13199 | D:11     | Reached skill level 5 in Spellcasting
 13199 | D:11     | Reached skill level 5 in Translocations
 13222 | D:11     | Learned a level 5 spell: Manifold Assault
 14225 | Lair:1   | Entered Level 1 of the Lair of Beasts
 14246 | Lair:1   | Found a frozen archway.
 14304 | IceCv    | Entered an ice cave
 14706 | IceCv    | Reached skill level 9 in Fighting
 14832 | IceCv    | Noticed a quicksilver ooze
 14838 | IceCv    | Killed a quicksilver ooze
 14847 | IceCv    | Noticed a quicksilver ooze
 14854 | IceCv    | Killed a quicksilver ooze
 14855 | IceCv    | Gained mutation: When seriously injured, your blood forms
                  | thick armour. (AC +9) [demonic ancestry]
 14855 | IceCv    | Reached XP level 12. HP: 64/95 MP: 0/22
 14861 | IceCv    | Found a viscous altar of Jiyva.
 14861 | IceCv    | Noticed an azure jelly
 14872 | IceCv    | Killed an azure jelly
 14877 | IceCv    | Noticed an azure jelly
 14887 | IceCv    | Killed an azure jelly
 14895 | IceCv    | Identified the ring of Sin {Ice rN++}
 14898 | IceCv    | Got Ligo's Grimoire of Rime
 15297 | Lair:1   | Noticed a six-headed hydra
 15303 | Lair:1   | Killed a three-headed hydra
 15743 | Lair:1   | Noticed a boulder beetle
 15771 | Lair:1   | Killed a boulder beetle
 16112 | Lair:2   | Found a staircase to the Snake Pit.
 16794 | Lair:2   | Found a staircase to the Shoals.
 17452 | Lair:2   | Identified a scroll of acquirement
 17453 | Lair:2   | Acquired the +3 lajatang "Qubb" {flame, rPois Str-2 Int+8
                  | SInv}
 17823 | Lair:3   | Noticed a six-headed hydra
 17834 | Lair:3   | Killed a two-headed hydra
 17835 | Lair:3   | Reached skill level 10 in Stealth
 18431 | Lair:3   | Noticed an eight-headed hydra
 18437 | Lair:3   | Killed a five-headed hydra
 18657 | Lair:3   | Gained mutation: A meltable shield of frost defends you.
                  | (SH +0) [demonic ancestry]
 18657 | Lair:3   | Reached XP level 13. HP: 73/103 MP: 11/25
 18917 | Lair:3   | Reached skill level 10 in Fighting
 20245 | Lair:4   | Found a dark tunnel.
 20291 | Volcano  | Entered a volcano
 21022 | Lair:4   | Found a staircase to the Slime Pits.
 22325 | Lair:5   | Entered Level 5 of the Lair of Beasts
 22326 | Lair:5   | Identified the +0 robe of Grottiness {Contam rPois rCorr}
 23834 | Lair:5   | Gained mutation: A meltable icy envelope protects you from
                  | harm. (AC +0) [demonic ancestry]
 23834 | Lair:5   | Reached XP level 14. HP: 91/111 MP: 25/27
 24325 | Lair:5   | Reached skill level 11 in Fighting
 24869 | Lair:5   | Found a corrupted altar of Lugonu.
 24869 | Lair:5   | Found a one-way gate to the infinite horrors of the Abyss.
 25901 | D:12     | Reached skill level 10 in Spellcasting
 25901 | D:12     | Reached skill level 10 in Translocations
 25918 | D:12     | Reached skill level 10 in Axes
 26244 | D:12     | Got the Catalogue of Cunning Transfiguration
 26649 | D:13     | Reached skill level 10 in Dodging
 26678 | D:13     | Reached skill level 1 in Evocations
 26759 | D:13     | Found a gate to the Vaults.
 27112 | D:13     | Noticed Lodul
 27143 | D:13     | Killed Lodul
 27335 | D:13     | Noticed Azrael
 27361 | D:13     | Killed Azrael
 27606 | D:13     | Noticed Urug
 27668 | D:13     | Killed Urug
 28753 | D:14     | Noticed Jorgrun
 28769 | D:14     | Killed Jorgrun
 29135 | D:14     | Found Cich's Book Shop.
 29144 | D:14     | Bought a manual of Fighting for 1120 gold pieces
 29144 | D:14     | Bought Great Wizards, Vol. VII for 420 gold pieces
 29149 | D:14     | Learned a level 4 spell: Passage of Golubria
 29296 | D:14     | Found a runed translucent gate.
 29297 | D:14     | Found a runed translucent gate.
 29297 | D:14     | Found a runed translucent gate.
 29297 | D:14     | Noticed an acid blob
 29300 | D:14     | Noticed an azure jelly
 29300 | D:14     | Noticed FexLirch's ghost (journeyman TrWr)
 29302 | D:14     | Noticed a quicksilver ooze
 29302 | D:14     | Noticed a rockslime
 29306 | D:14     | Found a viscous altar of Jiyva.
 29433 | D:15     | Entered Level 15 of the Dungeon
 29444 | D:15     | Reached XP level 15. HP: 120/120 MP: 29/29
 29457 | D:15     | Noticed Louise
 29477 | D:15     | Killed Louise
 29487 | D:15     | Reached skill level 1 in Shields
 29829 | D:15     | Reached skill level 12 in Fighting
 30168 | D:15     | Found a staircase to the Depths.
 30758 | Orc:1    | Entered Level 1 of the Orcish Mines
 31159 | Orc:2    | Entered Level 2 of the Orcish Mines
 31261 | Orc:2    | Noticed Saint Roka
 31269 | Orc:1    | Acquired the +1 kite shield "Cemmelao" {Will++}
 31283 | Orc:1    | Acquired the +0 helmet of Vehumet's Fury {Rampage rElec
                  | rN+++ Will-}
 31297 | Orc:1    | Acquired the +4 pair of gloves "Forget-Me-Not" {Str-4 Dex+4
                  | Slay+5}
 31341 | Orc:2    | Reached skill level 5 in Evocations
 31364 | Orc:2    | Killed Saint Roka
 31384 | Orc:2    | Found a radiant altar of Vehumet.
 31386 | Orc:2    | Found Guyrisch's Armour Shoppe.
 31999 | Orc:2    | Found Syufeq's Magic Scroll Emporium.
 32000 | Orc:2    | Found Guagh's Distillery.
 32036 | Orc:2    | Found Meywec's Distillery.
 32040 | Orc:2    | Bought a potion of heal wounds for 55 gold pieces
 32040 | Orc:2    | Bought a potion of haste for 110 gold pieces
 32040 | Orc:2    | Bought a potion of might for 44 gold pieces
 32040 | Orc:2    | Bought a potion of haste for 110 gold pieces
 32040 | Orc:2    | Bought a potion of brilliance for 44 gold pieces
 32040 | Orc:2    | Bought a potion of brilliance for 44 gold pieces
 32040 | Orc:2    | Bought a potion of cancellation for 88 gold pieces
 32135 | Orc:2    | Bought a potion of might for 48 gold pieces
 32135 | Orc:2    | Bought a potion of heal wounds for 60 gold pieces
 32135 | Orc:2    | Bought a potion of berserk rage for 60 gold pieces
 32145 | Orc:2    | Found a staircase to the Elven Halls.
 32146 | Orc:2    | Bought a scroll of identify for 34 gold pieces
 32146 | Orc:2    | Bought a scroll of identify for 34 gold pieces
 32146 | Orc:2    | Bought a scroll of identify for 34 gold pieces
 32146 | Orc:2    | Bought a scroll of summoning for 161 gold pieces
 32146 | Orc:2    | Bought a scroll of enchant armour for 127 gold pieces
 32146 | Orc:2    | Bought a scroll of teleportation for 51 gold pieces
 32532 | Snake:1  | Entered Level 1 of the Snake Pit
 32851 | Snake:1  | Noticed Aizul
 32857 | Snake:1  | Killed Aizul
 33122 | Snake:1  | Got the Papyrus of Hazy Fire
 33350 | Snake:1  | Noticed Josephine
 33376 | Snake:1  | Killed Josephine
 33528 | Snake:1  | Reached skill level 13 in Fighting
 33560 | Snake:1  | Reached XP level 16. HP: 73/130 MP: 24/30
 34990 | Snake:2  | Found Ufuttit's Armour Shoppe.
 35119 | Snake:2  | Found Ysseucsunys's Armour Shop.
 35130 | Snake:2  | Identified the +5 quarterstaff of Leutrad {distort, +Blink
                  | Int-4 Dex+2}
 35406 | Snake:2  | Found Topinos's General Store.
 35445 | Snake:2  | Reached skill level 5 in Shields
 35592 | Snake:2  | Identified the +0 pair of gloves "Nujiamox" {rF+ rC+ Str-3
                  | Dex+2}
 35603 | Snake:2  | Found Lunida's Antique Weapon Boutique.
 35666 | Snake:2  | Found Ryczio's Assorted Antiques.
 35671 | Snake:2  | Bought a scroll of enchant weapon for 210 gold pieces
 35695 | Snake:2  | Found Untarr's Gadget Gallery.
 36587 | Snake:3  | Found Zeiw's Firing Range.
 36645 | Snake:3  | Acquired a book of Changes
 36649 | Snake:3  | Learned a level 1 spell: Beastly Appendage
 36652 | Snake:3  | Learned a level 2 spell: Wereblood
 36864 | Snake:3  | Reached skill level 1 in Transmutations
 37000 | Snake:3  | Found Seuf Zia's Book Boutique.
 37003 | Snake:3  | Found Kenaffai's Jewellery Emporium.
 37004 | Snake:3  | Found Nuerchem's Book Boutique.
 37013 | Snake:3  | Bought the amulet "Peisoaf" {RegenMP Drain +Blink rPois
                  | rCorr} for 771 gold pieces
 37069 | Snake:3  | Reached skill level 14 in Fighting
 37692 | Snake:3  | Found a hide-covered altar of Uskayaw.
 37921 | Snake:4  | Entered Level 4 of the Snake Pit
 37921 | Snake:4  | Noticed Bai Suzhen
 38184 | Snake:3  | Killed Bai Suzhen
 38228 | Snake:4  | Reached XP level 17. HP: 54/139 MP: 31/31
 38545 | Snake:4  | HP: 4/139 [salamander/+0 halberd (11)]
 38545 | Snake:4  | Slain by a salamander

Illustrated notes

Levels and vault maps discovered:
D:1:      dpeg_arrival_arbitrary_b, layout_basic
D:2:      minmay_recursive_quarters, layout_rooms, serial_forest,
          infiniplex_forest_3_way, infiniplex_forest_straight_3,
          infiniplex_forest_clump_cross, infiniplex_forest_zigzag_1,
          infiniplex_forest_straight_4,
          shapermc_ecumenical_altar_mp_ritualfount, minmay_tromino_i4
D:3:      layout_basic
D:4:      layout_cave_pods, mainiacjoe_overflow_surrounded_room, uniq_ijyb,
          uniq_sigmund, uniq_crazy_yiuf_cottage
D:5:      layout_loops_ring, kennysheep_mini, sigmund_army, uniq_duvessa
D:6:      layout_cave_pools, nicolae_overflow_crystal_walls,
          chequers_serial_rivers_micro_d
D:7:      layout_loops_cross, trog_antimagical, mainiacjoe_overflow_brackets,
          lemuel_doored_altar, minmay_temple_entry_stoned_glass
D:8:      layout_rooms, lair_entry_dummy, gammafunk_ghost_grave,
          dreamdust_mushroom_princess, uniq_maggie
D:9:      layout_basic
D:10:     kennysheep_blocky_hall, layout_stronghold, uniq_erolcha, uniq_joseph
D:11:     layout_irregular_city, serial_column_ruins,
          column_ruins_circle_medium, column_ruins_hut, column_ruins_open_tiny,
          column_ruins_open_medium_water, column_ruins_open_small,
          column_ruins_columns_straight, column_ruins_open_medium,
          column_ruins_columns_straight
D:12:     minmay_the_grid_triangle_9x9_recursive_2
          [minmay_the_grid_triangle_9x9_prize_insulated,
          minmay_the_grid_triangle_9x9_steps,
          minmay_the_grid_triangle_9x9_negative_grid,
          minmay_the_grid_triangle_9x9_sprig], layout_rooms
D:13:     layout_layer_cave, grunt_vaults_entry_tiered, uniq_urug, uniq_lodul,
          uniq_azrael
D:14:     layout_rooms, gammafunk_ghost_ooze, eino_curves_01, serial_shops,
          nicolae_shop_crystal, uniq_jorgrun
D:15:     hangedman_depths_entry_civil_slaughter, layout_loops_ring, uniq_louise
Temple:   lightli_temple_of_artemis
Lair:1:   layout_chaotic_city, portal_ice_cave_entry_imps,
          infiniplex_staircase_pool, grunt_megastairs_3, serial_bayou_shore_b
Lair:2:   layout_concentric_octagons, elwin_shoals_entry_stream,
          guppyfry_snake_entry_garden
Lair:3:   layout_layer_cave
Lair:4:   layout_cave_pods, nicolae_slime_entry_slimehenge,
          nicolae_volcano_entry_two_sided, grunt_megastairs_5
Lair:5:   hellmonk_lair_end_abyssal_woods, layout_regular_city, st_stairs_3
Snake:1:  layout_gridlike, grunt_megastairs_2, nicolae_triple_integral,
          serial_bayou_shore_a, uniq_josephine, uniq_aizul
Snake:2:  layout_basic, basic_altar, serial_shops, shop, nicolae_shop_crystal,
          nicolae_square_shop, nicolae_stop_n_shop_2, nicolae_shop_hallway_plus,
          nicolae_shop_gadgets
Snake:3:  layout_cave_town, basic_altar, nicolae_shop_firing_range,
          grunt_megastairs_4, minmay_shop_grove
Snake:4:  grunt_snake_rune_spirals, layout_onion, basic_altar,
          serial_bayou_shore_b, uniq_bai_suzhen, uniq_mara, uniq_nikola
Orc:1:    layout_diamond_mine
Orc:2:    st_orc_open, layout_diamond_mine, basic_altar, uniq_saint_roka

Skill      XL: |  1  2  3  4  5  6  7  8  9 10 11 12 13 14 15 16 17 |
---------------+----------------------------------------------------+-----
Axes           | 2 3 4 5 6 7 8 9 10 11 | 11.6
Dodging        | 2 3 4 5 6 7 8 9 10 11 | 11.6
Stealth        | 5 6 7 8 9 10 11 12 13 | 13.3
Fighting       | 4 5 6 7 8 9 10 11 13 14 | 14.2
Translocations | 2 4 6 8 9 10 11 | 11.5
Spellcasting   | 2 3 4 6 8 9 10 | 10.0
Evocations     | 3 6 8 |  8.9
Shields        | 4 5 6 |  6.0
Transmutations | 3 |  3.4

Action                   |  1- 3 |  4- 6 |  7- 9 | 10-12 | 13-15 | 16-18 || total
-------------------------+-------+-------+-------+-------+-------+-------++-------
Melee: Hand axe          |   108 |   130 |    56 |       |       |       ||   294
       Kick              |    25 |    39 |    57 |   148 |   347 |   102 ||   718
       Dagger            |       |     2 |     5 |    44 |    17 |       ||    68
       Punch             |       |     2 |     2 |     6 |       |       ||    10
       War axe           |       |       |   153 |   339 |   563 |       ||  1055
       Short sword       |       |       |       |     6 |       |       ||     6
       Broad axe         |       |       |       |       |   348 |   271 ||   619
       Headbutt          |       |       |       |       |       |     2 ||     2
 Fire: Sling             |       |     4 |       |       |       |       ||     4
Throw: Dart              |       |     7 |     2 |       |       |       ||     9
       Throwing net      |       |       |     2 |       |       |       ||     2
       Boomerang         |       |       |     4 |     3 |    11 |       ||    18
 Cast: Teleport Other    |       |       |     1 |       |       |       ||     1
       Manifold Assault  |       |       |       |     5 |     6 |       ||    11
       Wereblood         |       |       |       |       |       |     5 ||     5
       Blink             |       |       |       |       |       |     1 ||     1
       Beastly Appendage |       |       |       |       |       |     1 ||     1
Invok: Potion Petition   |       |       |       |     1 |     4 |     2 ||     7
Evoke: Wand              |       |       |     6 |    17 |    15 |     4 ||    42
       Lightning rod     |       |       |       |     6 |     4 |       ||    10
  Use: Scroll            |     3 |    14 |     6 |    14 |    14 |     2 ||    53
       Potion            |     3 |     4 |       |     7 |    12 |     5 ||    31
 Stab: Sleeping          |    14 |     3 |     7 |    13 |    21 |    19 ||    77
       Distracted        |       |     1 |       |     6 |    16 |     4 ||    27
       Held in net/web   |       |       |     2 |       |       |       ||     2
       Invisible         |       |       |       |     3 |     9 |       ||    12
Armor: Ring mail         |    48 |    54 |    86 |       |       |       ||   188
       Skin              |       |    20 |       |       |    58 |       ||    78
       Steam dragon scal |       |       |     2 |    82 |       |       ||    84
       Leather armour    |       |       |       |    25 |   223 |   132 ||   380
Dodge: Dodged            |    86 |    79 |   119 |   229 |   412 |   186 ||  1111
Block: Kite shield       |       |       |       |    79 |   584 |   238 ||   901
